 Dungeon Crawl Stone Soup version 0.23.2-40-g277498a (webtiles) character file.

Game seed: 10339861948228228054

299 Bucky5 the Chopper (level 6, 0/39 HPs)
             Began as a Gargoyle Berserker on Sept 24, 2019.
             Was a Believer of Trog.
             Killed by divine providence
             ... invoked by an orc priest
              (11 damage)
             ... on level 4 of the Dungeon.
             The game lasted 00:05:07 (3437 turns).

Bucky5 the Chopper (Gargoyle Berserker)             Turns: 3437, Time: 00:05:08

Health: 0/39       AC: 21    Str: 22    XL:     6   Next: 36%
Magic:  6/6        EV: 22    Int:  7    God:    Trog [**....]
Gold:   131        SH:  0    Dex: 10    Spells: 5/5 levels left

rFire    . . .     SeeInvis .   a - +1 hand axe
rCold    . . .     Gourm    .   (no shield)
rNeg     + . .     Faith    .   s - +1 plate armour
rPois    ∞         Spirit   .   r - +0 helmet
rElec    +         Reflect  .   (no cloak)
rCorr    .         Harm     .   y - +2 pair of gloves
MR       .....                  (no boots)
Stlth    ..........             o - amulet of the acrobat (curse)
HPRegen  0.13/turn              (no ring)
MPRegen  0.10/turn              (no ring)

@: acrobat
A: negative energy resistance 1, electricity resistance, unbreathing,
petrification resistance, rot immunity, AC +4
a: Berserk, Trog's Hand, Renounce Religion


You were on level 4 of the Dungeon.
You worshipped Trog.
Trog was pleased with you.
You were not hungry.

You visited 1 branch of the dungeon, and saw 4 of its levels.

You collected 131 gold pieces.

Inventory:

Hand Weapons
 a - a +1 hand axe (weapon)
Armour
 r - a +0 helmet (worn)
 s - a +1 plate armour (worn)
 y - a +2 pair of gloves (worn)
Jewellery
 o - a cursed amulet of the acrobat (around neck)
Scrolls
 f - 4 scrolls of identify
 i - a scroll of enchant armour
 j - 3 scrolls of enchant weapon
 k - 4 scrolls of fear
 l - a scroll of teleportation {unknown}
 p - a scroll of noise {unknown}
 u - a scroll of random uselessness {unknown}
 v - a scroll of magic mapping {unknown}
 w - a scroll of remove curse {unknown}
Potions
 b - a potion of heal wounds {unknown}
 d - a potion of brilliance {unknown}
 e - 3 potions of flight {unknown}
 g - 4 potions of curing {unknown}
 h - 2 potions of degeneration {unknown}
 m - a potion of resistance {unknown}
 n - a potion of agility {unknown}
 q - 2 potions of berserk rage {unknown}
 t - a potion of magic {unknown}
Comestibles
 c - 9 rations
 x - a chunk of flesh


   Skills:
 + Level 4.5 Fighting
 + Level 4.6 Axes
 + Level 3.9 Armour
 + Level 2.1 Dodging
 + Level 0.3 Stealth


You had 5 spell levels left.
You didn't know any spells.
Your spell library was empty.

Dungeon Overview and Level Annotations

Branches:
Dungeon (4/15)
 Temple: D:4-7

Altars:
Ashenzari
Nemelex Xobeh
Ru


Innate Abilities, Weirdness & Mutations

You are resistant to torment.
Your stone body is resilient. (AC +4)
You are immune to poison.
You resist negative energy. (rN+)
You are resistant to electric shocks. (rElec)
You can survive without breathing.
You are immune to petrification.
You are immune to rotting.


Message History

An orc comes into view. It is wielding a -3 dagger.
The orc shouts!
You hear a shout!
An orc priest comes into view. It is wielding a +0 club.
An orc wizard comes into view. It is wielding a +0 dagger.
The orc wizard shouts!
The iguana barely misses you.
You hit the iguana.
The iguana is lightly wounded.
Your plate armour prevents you from hitting the quokka.
The quokka bites you but does no damage.
The orc wizard casts a spell.
The orc wizard flickers and vanishes!
Deactivating autopickup; reactivate with Ctrl-A.
The iguana bites you but does no damage.
The quokka bites you but does no damage.
An adder skeleton comes into view.
The iguana misses you. The quokka misses you.
The orc priest invokes the aid of Beogh against you.
Beogh smites you!
You die...

....................#
....................#
....................#
....o...............#
....................#
....................####
.....olor....w..........
....................##..
.......@.............+..
...................$##..
.........[..........##..
....................##..
...........Z......(.####
....................#
...............
...............


You could see an iguana, an orc priest, an orc wizard, a dart slug, an orc, a
quokka and an adder skeleton.

Vanquished Creatures
  An ogre (D:4)
  An orc priest (D:3)
  An orc wizard (D:4)
  A worker ant (D:4)
  A hound skeleton (D:4)
  4 adders
  A river rat (D:3)
  3 worms (D:2)
  3 dart slugs
  3 leopard geckos (D:3)
  9 orcs
  A giant cockroach (D:3)
  6 hobgoblins
  7 kobolds
  A quokka (D:4)
  9 bats
  10 frilled lizards
  3 goblins
  5 rats
70 creatures vanquished.

Notes
Turn   | Place    | Note
-------+----------+-------------------------------------------
     0 | D:1      | Bucky5 the Gargoyle Berserker began the quest for the Orb.
     0 | D:1      | Reached XP level 1. HP: 14/14 MP: 1/1
   188 | D:1      | Reached XP level 2. HP: 18/19 MP: 2/2
   356 | D:1      | Found a shattered altar of Ashenzari.
  1025 | D:2      | Reached XP level 3. HP: 18/23 MP: 3/3
  1038 | D:2      | Found a sparkling altar of Nemelex Xobeh.
  1395 | D:2      | Reached ** piety under Trog
  1628 | D:2      | Found a sacrificial altar of Ru.
  2461 | D:3      | Reached XP level 4. HP: 29/29 MP: 4/4
  2713 | D:3      | Reached XP level 5. HP: 3/33 MP: 5/5
  3321 | D:4      | Noticed an ogre
  3338 | D:4      | Killed an ogre
  3338 | D:4      | Reached XP level 6. HP: 3/39 MP: 6/6
  3437 | D:4      | Killed from afar by an orc priest

Skill      XL: |  1  2  3  4 |
---------------+-------------+-----
Axes           | 3 4 |  4.6
Armour         | 3 |  3.9
Fighting       | 4 |  4.5
Dodging        | 2 |  2.1
Stealth        | |  0.3

Action                   |  1- 3 |  4- 6 || total
-------------------------+-------+-------++-------
Melee: Hand axe          |   148 |   136 ||   284
  Use: Scroll            |       |     3 ||     3
  Eat: Ration            |     2 |       ||     2
       Chunk             |       |     2 ||     2
Armor: Animal skin       |    21 |       ||    21
       Ring mail         |    23 |       ||    23
       Plate armour      |    60 |   135 ||   195
Dodge: Dodged            |    67 |    78 ||   145
